 Dungeon Crawl Stone Soup version 0.27-a0-909-g0721f309d1 (webtiles) character file.

Game seed: 7187846111506725397

11 Alarkh the Insei (level 2, 22/22 HPs)
             Began as a Demonspawn Gladiator on Apr 8, 2021.
             Got out of the dungeon alive.
             The game lasted 00:00:20 (408 turns).

Alarkh the Insei (Demonspawn Gladiator)              Turns: 408, Time: 00:00:21

Health: 22/22      AC:  3    Str: 14    XL:     2   Next: 17%
Magic:  2/2        EV: 12    Int:  9    God:
Gold:   45         SH:  0    Dex: 14    Spells: 1/1 levels left

rFire    . . .     SeeInvis .     - Unarmed
rCold    . . .     Faith    .   (no shield)
rNeg     . . .     Spirit   .   a - +0 leather armour
rPois    .         Reflect  .   (helmet restricted)
rElec    .         Harm     .   (no cloak)
rCorr    .         Rampage  .   (no gloves)
Will     .....                  (no boots)
Stlth    +.........             (no amulet)
HPRegen  0.07/turn              (no ring)
MPRegen  0.08/turn              (no ring)

@: no status effects
A: horns 1
a: no special abilities


You escaped.
You visited 1 branch of the dungeon, and saw 1 of its levels.

You collected 45 gold pieces.

Inventory:

Missiles
 c - 3 throwing nets (quivered)
Armour
 a - a +0 leather armour (worn)
 b - a +0 helmet
Scrolls
 d - a scroll of holy word {unknown}
 e - 3 scrolls of identify {unknown}
Potions
 f - a potion of mutation {unknown}


   Skills:
 + Level 2.3 Fighting
 - Level 1.7 Throwing
 - Level 2.6 Dodging
 * Level 3.1 Unarmed Combat


You had one spell level left.
You didn't know any spells.
Your spell library was empty.

Dungeon Overview and Level Annotations

Branches:
Dungeon (1/15)

Altars:


Innate Abilities, Weirdness & Mutations

You have a pair of small horns on your head.


Message History

A pair of horns grows on your head!
Your +0 helmet falls away!
Things that are here:
a +0 short sword; 4 stones; a kobold corpse You see here 17 sling bullets.
A goblin comes into view. It is wielding a +0 club.
The goblin shouts!
The goblin hits you with a +0 club.
A goblin comes into view. It is wielding a +0 dagger.
You hit the goblin.
You kill the goblin!
The goblin hits you but does no damage.
Things that are here:
a +0 club; a goblin corpse You hit the goblin.
You kill the goblin!
A giant cockroach comes into view.
The giant cockroach closely misses you.
Things that are here:
a +0 dagger; a goblin corpse Your leather armour prevents you from hitting the giant cockroach.
The giant cockroach bites you but does no damage.
You barely miss the giant cockroach.
Your headbutt misses the giant cockroach.
The giant cockroach bites you but does no damage.
You hit the giant cockroach.
The giant cockroach is severely wounded.
The giant cockroach misses you.
You hit the giant cockroach but do no damage.
You headbutt the giant cockroach, but do no damage.
The giant cockroach is severely wounded.
The giant cockroach barely misses you.
The giant cockroach bites you but does no damage.
You hit the giant cockroach.
You kill the giant cockroach!
No target in view!
You see here 17 sling bullets.
There is a staircase leading out of the dungeon here.
Are you sure you want to leave the Dungeon?
This will make you lose the game!
You have escaped!

#.†.# #.###......#... #)##
#.###.########.
#).#########............#.
#..#≈≈≈≈≈≈≈#.#.########.#.
#..#≈≈≈.≈≈≈#.#.##.......#.
#..≈≈≈≈...(..#.##.......##
#..≈≈≈.............####.#
#..≈≈≈.......#####..# #.#
#..≈≈..≈.@...# #.≈###.#
#..≈≈≈≈≈.....# #.≈≈##.##
#..≈≈≈≈≈.....# #≈.≈≈#...
#.(≈≈≈≈≈.....# ###≈.#≈####
#..#≈≈≈≈.....# #≈≈≈##≈≈#
#..#######...# ###..##≈#
#..# #.......# #.≈##≈#
##.###.####### ##≈≈[..###
#..##.# #≈≈#......


There were no monsters in sight!

Vanquished Creatures
  An endoplasm (D:1)
  A giant cockroach (D:1)
  4 goblins (D:1)
  A quokka (D:1)
  2 kobolds (D:1)
  2 rats (D:1)
11 creatures vanquished.

Notes
Turn   | Place    | Note
-------+----------+-------------------------------------------
     0 | D:1      | Alarkh the Demonspawn Gladiator began the quest for the
                  | Orb.
     0 | D:1      | Reached XP level 1. HP: 16/16 MP: 1/1
   219 | D:1      | Reached skill level 3 in Unarmed Combat
   340 | D:1      | Gained mutation: You have a pair of small horns on your
                  | head. [demonic ancestry]
   340 | D:1      | Reached XP level 2. HP: 22/22 MP: 2/2
   408 | D:$      | Got out of the dungeon alive.

Illustrated notes

Levels and vault maps discovered:
D:1:      dpeg_arrival_pond, layout_basic, chequers_ecumenical_altar_simple,
          chequers_serial_rivers_small_b, minmay_fountain_box,
          minmay_tetromino_o2

Skill      XL: |  1 |
---------------+----+-----
Unarmed Combat | 3 |  3.1
Fighting       | |  2.3
Throwing       | |  1.7
Dodging        | |  2.6

Action                   || total
-------------------------++-------
Melee: Unarmed           ||    30
       Headbutt          ||     1
 Stab: Sleeping          ||     1
Armor: Leather armour    ||     8
Dodge: Dodged            ||    10

Table legend: (Time is in decaauts)
 A = Elapsed time spent in this place.
 B = Non-inter-level travel time spent in this place.
 C = Inter-level travel time spent in this place.
 D = Time resting spent in this place.
 E = Time spent auto-exploring this place.
 F = Levels seen in this place.
 G = Mean time per level.
                   A        B        C        D        E       F      G
               +--------+--------+--------+--------+--------+-----+--------+
         Total |    408 |    371 |     37 |     91 |    216 |   1 |  408.0 |
       Dungeon |    408 |    371 |     37 |     91 |    216 |   1 |  408.0 |
               +--------+--------+--------+--------+--------+-----+--------+

Top non-repeatable levels by time:
     D:1: 408 daAuts
